 Dungeon Crawl Stone Soup version 0.32-a0-938-g40ac7a0 (webtiles) character file.

Game seed: 15583029143463169251

202224 skewfiend the Frost Mage (level 17, -21/151 HPs)
             Began as a Demigod Ice Elementalist on Mar 29, 2024.
             Incinerated by a deep elf pyromancer (23 damage)
             ... with a pyre arrow
             ... on level 2 of the Orcish Mines on Apr 15, 2024.
             The game lasted 03:42:04 (42158 turns).

skewfiend the Frost Mage (DgIE)                    Turns: 42158, Time: 03:42:05

Health: -21/151    AC: 20    Str:  9    XL:     17   Next: 32%
Magic:  18/39      EV: 17    Int: 37    God:
Gold:   440        SH:  0    Dex: 14    Spells: 3/41 levels left

rFire   . . .        g - +6 trident (drain)
rCold   . . .        (no shield)
rNeg    . . .        w - +0 troll leather armour
rPois   +            (no helmet)
rElec   +            X - +1 cloak {Stlth+}
rCorr   .            r - +2 pair of gloves
SInv    .            o - +0 pair of boots
Will    +....        U - amulet of magic regeneration
Stlth   +            J - ring "Zuug Yqi" {rElec rPois AC+4}
HPRegen 1.25/turn    G - +4 ring of protection
MPRegen 0.66/turn

%: no passive effects
@: on fire, glowing, studying Dodging
A: high MP 1, forlorn, divine attributes
}: 1/15 runes: serpentine
a: no special abilities


You were on level 2 of the Orcish Mines.
You visited 7 branches of the dungeon, and saw 30 of its levels.

You collected 2630 gold pieces.
You spent 2190 gold pieces at shops.

Inventory:

Hand Weapons
 g - a +6 trident of draining (weapon)
 E - a +2 scimitar of flaming
Missiles
 q - 58 poisoned darts
 u - 4 curare-tipped darts
 B - 2 throwing nets
 K - 18 boomerangs
 W - 5 silver javelins
Armour
 l - the +0 hat of Darkness {-Tele Rampage rF++ Regen+}
   (You acquired it on level 15 of the Dungeon)

   rF++:      It greatly protects you from fire.
   -Tele:     It prevents most forms of teleportation.
   Regen+:    It increases your rate of health regeneration.
   Rampage:   It bestows one free step when moving towards enemies.
 o - a +0 pair of boots (worn)
 r - a +2 pair of gloves (worn)
 w - a +0 troll leather armour (worn)
 X - a +1 cloak of stealth (worn)
Jewellery
 G - a +4 ring of protection (right hand)
 J - the ring "Zuug Yqi" (left hand) {rElec rPois AC+4}
   (You found it on level 5 of the Dungeon)

   [ring of protection]

   AC+4:      It affects your AC (+4).
   rElec:     It insulates you from electricity.
   rPois:     It protects you from poison.
 U - an amulet of magic regeneration (around neck)
Wands
 n - a wand of digging (7)
 x - a wand of flame (16)
 y - a wand of light (4)
 M - a wand of iceblast (12)
 P - a wand of charming (15)
 S - a wand of polymorph (23)
Scrolls
 a - 3 scrolls of blinking
 c - a scroll of poison
 d - 5 scrolls of identify
 e - a scroll of revelation
 f - a scroll of amnesia
 i - 3 scrolls of teleportation
 z - 3 scrolls of fog
 R - a scroll of fear
Potions
 b - a potion of magic
 h - 2 potions of cancellation
 k - a potion of resistance
 m - 2 potions of might
 p - a potion of invisibility
 s - 4 potions of ambrosia
 t - 2 potions of berserk rage
 v - 5 potions of curing
 A - 4 potions of brilliance
 F - 4 potions of haste
 H - 4 potions of lignification
 L - a potion of enlightenment
 Y - 6 potions of heal wounds


   Skills:
 + Level 13.7 Fighting
 + Level 11.2 Armour
 + Level 13.5 Dodging
 - Level 1.7 Stealth
 + Level 12.7 Spellcasting
 - Level 4.0 Conjurations
 * Level 11.1 Summonings
 - Level 3.0 Necromancy
 - Level 14.3 Ice Magic
 - Level 4.0 Earth Magic


You had 3 spell levels left.
You knew the following spells:

 Your Spells              Type           Power      Damage    Failure   Level
a - Freeze                Ice            100%       1d10      0%          1
b - Frozen Ramparts       Ice            100%       1d16      1%          3
c - Ozocubu's Armour      Ice            92%        N/A       1%          3
d - Summon Ice Beast      Ice/Summ       87%        N/A       1%          3
e - Summon Small Mammal   Summ           100%       N/A       1%          1
f - Stone Arrow           Conj/Erth      100%       3d13      1%          3
g - Fugue of the Fallen   Necr           45%        N/A       1%          3
h - Brom's Barrelling Bo  Conj/Erth      52%        2d7       4%          4
i - Summon Mana Viper     Hex/Summ       60%        N/A       6%          5
j - Freezing Cloud        Conj/Ice/Air   31%        6-21      4%          5
k - Summon Hydra          Summ           41%        N/A       19%         7

Your spell library contained the following spells:

 Spells                   Type           Power      Damage    Failure   Level
 Apportation              Tloc           46%        N/A       1%          1
 Necrotise                Necr           100%       1d9       1%          1
 Sandblast                Erth           100%       2d20      1%          1
 Sting                    Conj/Alch      100%       1d9       1%          1
 Cigotuvi's Dreadful Rot  Necr/Alch/Air  62%        N/A       1%          2
 Ensorcelled Hibernation  Hex/Ice        100%       N/A       1%          2
 Dazzling Flash           Conj/Hex       76%        N/A       2%          3
 Jinxbite                 Hex            46%        N/A       3%          2
 Lesser Beckoning         Tloc           46%        N/A       3%          2
 Inner Flame              Hex/Fire       23%        N/A       6%          3
 Maxwell's Portable Pile  Tloc           23%        2d(7-20)  6%          3
 Teleport Other           Tloc           23%        N/A       6%          3
 Volatile Blastmotes      Fire/Tloc      46%        2d13      6%          3
 Summon Forest            Summ/Tloc      30%        N/A       6%          5
 Fulminant Prism          Conj/Alch      19%        3d10      9%          4
 Iskenderun's Mystic Bla Conj/Tloc 38%            2d9        (+2d4     9%          4
 Anguish                  Hex/Necr       17%        N/A       11%         4
 Borgnjor's Vile Clutch   Necr/Erth      24%        N/A       14%         5
 Monstrous Menagerie      Summ           41%        N/A       19%         7
 Cause Fear               Hex            11%        N/A       21%         4
 Ignite Poison            Fire/Alch      23%        N/A       21%         4
 Irradiate                Conj/Alch      19%        3d18      26%         5
 Alistair's Intoxication  Alch           15%        N/A       50%         5
 Starburst                Conj/Fire      19%        6d7       80%         6
 Eringya's Noxious Bog    Alch           11%        4d6       97%         6
 Enfeeble                 Hex            11%        N/A       100%        7
 Manifold Assault         Tloc           11%        N/A       100%        7
 Ignition                 Fire           11%        3d5       100%        8
 Maxwell's Capacitive Co  Air            11%        ∞         100%        8


Dungeon Overview and Level Annotations

Branches:
Dungeon (15/15)            Temple (1/1) D:7            Lair (5/5) D:10
 Shoals (2/4) Lair:3        Snake (4/4) Lair:2        Slime (0/5) Lair:5
    Orc (2/2) D:11            Elf (1/3) Orc:2        Vaults (0/5) D:13
 Depths (0/4) D:15

Shops:
D:5 [   D:15 *   Orc:2 **=[   Snake:1 =::[   Snake:2 [!*[   Snake:3 !?[

Annotations:
Temple 2 transporters


Innate Abilities, Weirdness & Mutations

You have an increased reservoir of magic. (+10% MP)
You shall have no god before yourself.
Your divine heritage dramatically boosts your attributes as you level up.


Message History

Your ice beast completely misses the deep elf pyromancer.
Your seven-headed hydra barely misses the deep elf pyromancer.
Your seven-headed hydra bites the deep elf pyromancer!
The deep elf pyromancer dies!
The deep elf zephyrmancer points at you and mumbles some strange words.
The bolt of lightning hits you. You resist.
* * * LOW HITPOINT WARNING * * *
Unknown command.
Casting: Summon Ice Beast (safe; 1% risk of failure)
Confirm with . or Enter, or press ? or * to list all spells.
A mana viper appears with a sibilant hiss.
The liquid fire burns you!
* * * LOW HITPOINT WARNING * * *
The deep elf zephyrmancer barely misses your seven-headed hydra.
Unknown command.
Reach: g) +6 trident (drain)
Press: ? - help, Dir - move target, f - deep elf zephyrmancer
Aim: a deep elf zephyrmancer, wielding a +0 short sword and wearing a +0 scale mail (heavily wounded, ally target, about 36% to evade your +6 trident of draining)
You reach to attack!
You hit the deep elf zephyrmancer.
The deep elf zephyrmancer is heavily wounded.
The liquid fire burns you!
* * * LOW HITPOINT WARNING * * *
Your ice beast hits the deep elf zephyrmancer but does no damage.
Your mana viper is engulfed in freezing vapours.
The deep elf zephyrmancer misses your ice beast.
Your ice beast hits the deep elf zephyrmancer.
Your ice beast freezes the deep elf zephyrmancer!
The deep elf zephyrmancer dies!
You are on fire!
The liquid fire burns you!
* * * LOW HITPOINT WARNING * * *
Your mana viper is engulfed in freezing vapours.
Your mana viper seems to slow down.
Your mana viper is engulfed in freezing vapours.
Your mana viper seems to slow down.
You shake off some of the fire as you move.
You climb upwards.
Welcome back to the Orcish Mines!
Your summoned allies are left behind.
The liquid fire burns you!
You die...

#####.## #.........####.....
##..#...####..........# ##....
#....#.###......#....## ##..#.
###.....#.......####..####.....
##................#.#...#..[....
##............##......#..))......
#.........#.....#....#...).#.....
#...................#.......###.#
#...............@.#.....#..## ###
##...............<.........#
##.......................##
###......................#
##.......................####
#....#..............[...#...##
##..................[.[......##
##...............[##.........#
##................###...##.##


There were no monsters in sight!

Vanquished Creatures
  Jorgrun (D:15)
  4 nagarajas
  Aizul (Snake:1)
  The ghost of Roecon the Markself, a journeyman DEHu of Fedhas (Lair:4)
  Nessos (D:14)
  A fire dragon (D:15)
  An ice dragon (Lair:5)
  3 salamander tyrants (Snake:4)
  6 hydras
  Erolcha (D:13)
  Harold (Lair:1)
  A boulder beetle (D:13)
  The ghost of EngineV8 the Geomancer, a journeyman DEEE of Sif Muna (Lair:1)
  4 anacondas
  5 two-headed ogres
  4 centaur warriors
  4 catoblepae
  7 death yaks
  A tengu warrior (D:10)
  15 naga warriors
  5 naga sharpshooters
  3 orc high priests (Orc:2)
  10 shock serpents
  Nergalle (Lair:1)
  4 skeletal warriors
  2 skysharks
  2 salamander mystics
  3 sea snakes
  A glowing orange brain (D:15)
  2 fire crabs (Shoals:2)
  3 naga ritualists
  2 orange crystal statues (D:11)
  5 mana vipers
  A swamp dragon (Lair:5)
  4 orc knights
  An obsidian bat (Orc:2)
  2 deep elf pyromancers
  3 lindwurms (Lair:5)
  Pikel (D:5)
  A deep elf zephyrmancer (Elf:1)
  13 ugly things
  4 orc sorcerers
  6 manticores
  8 salamanders
  2 fauns (Shoals:1)
  An oklob plant (Lair:5)
  A meliai (Lair:4)
  4 elephants
  The ghost of AlexanderH the Trooper, a novice DrIE of Ignis (D:5)
  A merfolk siren (Shoals:1)
  A cyclops (D:12)
  10 slime creatures
  21 naga magi
  31 black mambas
  2 guardian serpents
  4 kobold blastminers (Orc:2)
  A gargoyle (D:13)
  The ghost of ooops the Slasher, a novice CoGl of Wu Jian (D:5)
  A molten gargoyle (Lair:5)
  7 rime drakes
  A torpor snail (Lair:5)
  3 kobold demonologists
  10 cane toads
  A freezing wraith (D:14)
  Jeremiah (D:8)
  A centaur skeleton (D:13)
  6 komodo dragons
  Psyche (D:8)
  An efreet (D:15)
  2 tengu conjurers (D:14)
  A queen bee (Lair:4)
  5 merfolk
  5 polar bears
  4 trolls
  9 nameless horrors
  6 hornets
  A polar bear (shapeshifter) (D:14)
  A raiju (shapeshifter) (D:15)
  A tarantella (shapeshifter) (D:15)
  11 blink frogs
  13 dream sheep
  A spriggan (shapeshifter) (D:15)
  A vampire (D:11)
  41 yaks
  2 shadows
  A hog (D:13)
  6 wyverns
  Eustachio (D:4)
  A warg (Orc:2)
  5 basilisks
  5 steam dragons
  10 vampire mosquitoes
  38 nagas
  2 acid dragons (Lair:5)
  19 water moccasins
  2 sky beasts (D:7)
  25 orc warriors
  2 ice beasts
  2 swamp drakes (Lair:5)
  3 black bears
  10 ogres
  33 wolves
  16 centaurs
  4 lemures (D:5)
  4 kobold brigands
  3 scorpions
  11 bullfrogs
  A gnoll sergeant (D:8)
  6 killer bees
  2 howler monkeys
  8 electric eels
  3 bombardier beetles (D:5)
  A lava snake (Lair:5)
  A jelly (D:5)
  A hound (D:5)
  36 orc priests
  5 iguanas
  Terence (D:2)
  Natasha (thrice) (D:3)
  3 hell rats (Lair:3)
  Ijyb (D:4)
  38 orc wizards
  A boggart skeleton (D:13)
  8 gnolls
  13 adders
  A shadow imp (D:6)
  A white imp (D:5)
  2 ufetubi (D:3)
  4 dart slugs
  68 orcs
  9 endoplasms
  A giant cockroach (D:3)
  5 goblins
  4 hobgoblins
  3 jackals (D:5)
  12 kobolds
  5 quokkas
  7 ball pythons
  6 bats
  A frilled lizard (D:2)
  5 rats
837 creatures vanquished.

Vanquished Creatures (collateral kills)
  Kirke (D:13)
  Roxanne (D:14)
  4 nagarajas (Snake:4)
  Louise (D:14)
  A very ugly thing (D:15)
  Snorg (Lair:3)
  An ogre mage (D:15)
  2 anacondas (Snake:4)
  An alligator snapping turtle (Shoals:1)
  3 centaur warriors
  A tengu warrior (D:10)
  3 two-headed ogres
  3 death yaks
  The ghost of AlexanderH the Geomancer, a novice DrEE of Vehumet (D:9)
  2 boulder beetles
  2 shock serpents
  An orc high priest (Orc:2)
  3 naga sharpshooters
  2 skysharks
  5 skeletal warriors
  A sea snake (Shoals:1)
  A deep elf archer (D:13)
  A naga ritualist (Snake:4)
  2 mana vipers (Snake:4)
  2 deep elf pyromancers
  2 fauns (Shoals:1)
  3 deep elf zephyrmancers
  4 ugly things
  5 black mambas
  An elephant (Lair:2)
  5 naga magi
  2 centaur skeletons (D:13)
  A komodo dragon (Lair:5)
  A rime drake (Lair:5)
  The ghost of kasel the Ruffian, an amateur DrSh of Wu Jian (D:5)
  2 trolls
  2 merfolk
  2 polar bears (Lair:2)
  7 dream sheep
  6 blink frogs
  A snapping turtle (Shoals:2)
  6 slime creatures
  A shadow (D:7)
  A hog (D:13)
  2 basilisks
  3 wraiths
  9 yaks
  5 vampire mosquitoes
  Menkaure (D:7)
  7 nagas
  3 water moccasins
  An acid dragon (D:9)
  A nameless horror (D:12)
  6 orc warriors
  A swamp drake (Lair:5)
  An ogre (D:12)
  3 wolves
  A centaur (D:13)
  2 bullfrogs (Lair:4)
  A kobold brigand (D:11)
  A killer bee (Lair:4)
  7 orc priests
  An iguana (Lair:5)
  4 orc wizards
  A hell rat (Lair:3)
  3 gnolls (D:8)
  13 orcs
  4 kobolds (D:6)
  A boulder (Snake:3)
181 creatures vanquished.

Vanquished Creatures (others)
  A kobold brigand (D:6)
  A goblin (D:2)
  A boulder (Shoals:1)
3 creatures vanquished.

Grand Total: 1021 creatures vanquished

Notes
Turn   | Place    | Note
-------+----------+-------------------------------------------
     0 | D:1      | skewfiend the Demigod Ice Elementalist began the quest for
                  | the Orb.
     0 | D:1      | Reached XP level 1. HP: 14/14 MP: 5/5
   428 | D:1      | Reached XP level 2. HP: 22/22 MP: 5/7
   841 | D:2      | Reached skill level 4 in Ice Magic
   932 | D:2      | Reached skill level 1 in Fighting
  1093 | D:2      | Reached XP level 3. HP: 25/28 MP: 4/8
  1097 | D:2      | Learned a level 3 spell: Frozen Ramparts
  1248 | D:2      | Identified the +0 flail "Yzxip" {speed, rPois Dex+2}
  1697 | D:2      | Noticed Terence
  1710 | D:2      | Killed Terence
  1711 | D:2      | Reached XP level 4. HP: 33/35 MP: 8/10
  1718 | D:2      | Learned a level 3 spell: Ozocubu's Armour
  1819 | D:2      | Upgraded the game from 0.32-a0-871-ge202e49 to
                  | 0.32-a0-872-g59262bd
  2634 | D:3      | Noticed Natasha
  2644 | D:3      | Killed Natasha
  2978 | D:3      | Noticed Natasha
  3022 | D:3      | Killed Natasha
  3023 | D:3      | Reached skill level 5 in Ice Magic
  3023 | D:3      | Reached XP level 5. HP: 27/41 MP: 5/11
  3029 | D:3      | Noticed Natasha
  3039 | D:3      | Killed Natasha
  3427 | D:4      | Identified the amulet of Pif Way {Spirit rElec}
  3668 | D:4      | Noticed Eustachio
  3670 | D:4      | Noticed Ijyb
  3670 | D:4      | Noticed an ogre
  3684 | D:4      | Killed Ijyb
  3685 | D:4      | Reached XP level 6. HP: 50/50 MP: 5/13
  3692 | D:4      | Killed Eustachio
  3780 | D:4      | Reached skill level 6 in Ice Magic
  4051 | D:5      | Entered Level 5 of the Dungeon
  4142 | D:5      | Found a runed translucent gate.
  4142 | D:5      | Found a runed translucent gate.
  4142 | D:5      | Found a runed translucent gate.
  4143 | D:5      | Noticed kasel's ghost (amateur DrSh)
  4153 | D:5      | Found Vuex's Armour Boutique.
  4168 | D:5      | Reached XP level 7. HP: 56/57 MP: 8/15
  4214 | D:5      | Bought a +0 pair of gloves for 63 gold pieces
  4228 | D:5      | Identified the ring "Zuug Yqi" {rElec rPois AC+4}
  4268 | D:5      | Noticed ooops's ghost (novice CoGl)
  4268 | D:5      | Noticed AlexanderH's ghost (novice DrIE)
  4489 | D:5      | Noticed Pikel
  4511 | D:5      | Upgraded the game from 0.32-a0-872-g59262bd to
                  | 0.32-a0-876-gcfddb08
  4834 | D:5      | Reached skill level 7 in Ice Magic
  4937 | D:5      | Killed Pikel
  4938 | D:5      | Reached XP level 8. HP: 58/67 MP: 7/18
  5020 | D:5      | Learned a level 3 spell: Summon Ice Beast
  5238 | D:6      | Upgraded the game from 0.32-a0-876-gcfddb08 to
                  | 0.32-a0-886-g41c5271
  5255 | D:6      | Noticed a manticore
  5300 | D:6      | Killed a manticore
  5301 | D:6      | Reached skill level 5 in Fighting
  5301 | D:6      | Reached skill level 5 in Spellcasting
  5301 | D:6      | Reached skill level 8 in Ice Magic
  5533 | D:6      | Noticed a hornet
  5543 | D:6      | Killed a hornet
  5816 | D:6      | Noticed a +0 falchion
  5817 | D:6      | Noticed a +0 falchion
  5817 | D:6      | Noticed a +0 dagger
  5817 | D:6      | Noticed a +0 dagger
  5818 | D:6      | Noticed a +0 spear
  5818 | D:6      | Noticed a +0 short sword
  5819 | D:6      | Noticed a +0 short sword
  5820 | D:6      | Noticed a +0 spear
  5831 | D:6      | Reached XP level 9. HP: 74/74 MP: 16/20
  6015 | D:6      | Reached skill level 9 in Ice Magic
  7231 | D:7      | Found a staircase to the Ecumenical Temple.
  7587 | D:7      | Noticed Menkaure
  7595 | D:7      | Killed Menkaure
  8081 | D:7      | Identified the +5 falchion of Ophuami {antimagic, rF++
                  | SInv}
  8130 | D:8      | Reached skill level 10 in Ice Magic
  8202 | D:8      | Noticed Jeremiah
  8246 | D:8      | Killed Jeremiah
  8374 | D:8      | Upgraded the game from 0.32-a0-886-g41c5271 to
                  | 0.32-a0-891-gc41d803
  8438 | D:8      | Noticed Psyche
  8452 | D:8      | Killed Psyche
  9321 | D:9      | Reached XP level 10. HP: 84/84 MP: 19/23
  9351 | D:9      | Found a runed translucent gate.
  9352 | D:9      | Found a runed translucent gate.
  9353 | D:9      | Found a runed translucent gate.
  9354 | D:9      | Noticed AlexanderH's ghost (novice DrEE)
  9407 | D:9      | Reached skill level 1 in Summonings
  9441 | D:9      | Noticed a two-headed ogre
  9453 | D:9      | Killed a two-headed ogre
  9455 | D:9      | Reached skill level 11 in Ice Magic
 10544 | D:10     | Entered Level 10 of the Dungeon
 10730 | D:10     | Learned a level 1 spell: Summon Small Mammal
 10884 | D:10     | Found a staircase to the Lair.
 10945 | D:10     | Reached XP level 11. HP: 94/94 MP: 23/26
 11112 | Lair:1   | Entered Level 1 of the Lair of Beasts
 11114 | Lair:1   | Noticed Harold
 11123 | Lair:1   | Killed Harold
 11124 | Lair:1   | Reached skill level 12 in Ice Magic
 11359 | Lair:1   | Found a runed translucent gate.
 11362 | Lair:1   | Found a runed translucent gate.
 11362 | Lair:1   | Found a runed translucent gate.
 11364 | Lair:1   | Noticed EngineV8's ghost (journeyman DEEE)
 11399 | Lair:1   | Identified the +2 ring mail "Xoukabb" {rPois rC+ Str+3}
 11580 | Lair:1   | Noticed Nergalle
 11596 | Lair:1   | Killed Nergalle
 11597 | Lair:1   | Reached skill level 1 in Armour
 12605 | D:5      | Killed AlexanderH's ghost
 12609 | D:5      | Killed ooops's ghost
 12617 | D:5      | Killed kasel's ghost
 12956 | Lair:2   | Reached skill level 13 in Ice Magic
 13121 | Lair:2   | Noticed a boulder beetle
 13151 | Lair:2   | Killed a boulder beetle
 13237 | Lair:2   | Found a staircase to the Snake Pit.
 13292 | Lair:2   | Reached XP level 12. HP: 29/104 MP: 15/28
 14645 | Lair:3   | Learned a level 3 spell: Stone Arrow
 14788 | Lair:3   | Noticed Snorg
 14804 | Lair:3   | Killed Snorg
 15083 | Lair:3   | Reached skill level 1 in Conjurations
 15083 | Lair:3   | Reached skill level 1 in Earth Magic
 15453 | Lair:3   | Noticed a catoblepas
 15466 | Lair:3   | Killed a catoblepas
 16090 | Lair:3   | Reached skill level 5 in Dodging
 16214 | Lair:3   | Found a staircase to the Shoals.
 16744 | Lair:4   | Found the +4 robe of Folly {Brill Will-∞ Int+8}
 17076 | Lair:4   | Reached skill level 5 in Armour
 17163 | Lair:4   | Reached XP level 13. HP: 113/113 MP: 24/30
 17698 | Lair:4   | Found a transporter.
 17700 | Lair:4   | Found a transporter.
 17702 | Lair:4   | Noticed Roecon's ghost (journeyman DEHu)
 18072 | Lair:4   | Reached skill level 10 in Fighting
 18514 | Lair:5   | Entered Level 5 of the Lair of Beasts
 19637 | Lair:5   | Upgraded the game from 0.32-a0-891-gc41d803 to
                  | 0.32-a0-893-gf85d74f
 19761 | Lair:5   | Learned a level 3 spell: Fugue of the Fallen
 19878 | Lair:5   | Reached skill level 1 in Necromancy
 20353 | Lair:5   | Reached skill level 10 in Spellcasting
 20495 | Lair:5   | Found a staircase to the Slime Pits.
 20859 | Lair:5   | Reached XP level 14. HP: 97/122 MP: 20/33
 22152 | D:9      | Killed AlexanderH's ghost
 22313 | Lair:1   | Killed EngineV8's ghost
 24077 | D:11     | Found a staircase to the Orcish Mines.
 24232 | D:11     | Learned a level 4 spell: Brom's Barrelling Boulder
 24249 | D:11     | Reached skill level 14 in Ice Magic
 24430 | Orc:1    | Entered Level 1 of the Orcish Mines
 25487 | Orc:2    | Entered Level 2 of the Orcish Mines
 25518 | Orc:2    | Found a staircase to the Elven Halls.
 26954 | Orc:2    | Found Raucucod's Jewellery Emporium.
 26954 | Orc:2    | Found Usyukig's General Store.
 26955 | Orc:2    | Found Ikizat's General Store.
 26959 | Orc:2    | Found Ixohur's Armour Emporium.
 26989 | Orc:2    | Bought a scroll of amnesia for 56 gold pieces
 26990 | Orc:2    | Bought a book of Beasts for 504 gold pieces
 26991 | Orc:2    | Bought a +1 cloak of stealth for 264 gold pieces
 27006 | Orc:2    | Bought 2 potions of ambrosia for 224 gold pieces
 27006 | Orc:2    | Bought a scroll of identify for 28 gold pieces
 28028 | Lair:4   | Killed Roecon's ghost
 28250 | Lair:4   | Identified the +4 long sword "Yhyorphoipp" {holy, rPois
                  | Int+4 Dex+4 Stlth+}
 28277 | Lair:4   | Learned a level 5 spell: Summon Mana Viper
 28636 | D:13     | Upgraded the game from 0.32-a0-893-gf85d74f to
                  | 0.32-a0-898-g7811c86
 29032 | D:12     | Upgraded the game from 0.32-a0-898-g7811c86 to
                  | 0.32-a0-909-gc671339
 29682 | D:12     | Reached XP level 15. HP: 70/132 MP: 33/35
 30372 | D:13     | Noticed Kirke
 30589 | D:13     | Killed Kirke
 30749 | D:13     | Noticed Erolcha
 30800 | D:13     | Killed Erolcha
 30883 | D:13     | Reached skill level 5 in Summonings
 31041 | D:13     | Reached skill level 10 in Dodging
 31118 | D:13     | Found a gate to the Vaults.
 31679 | D:14     | Noticed Roxanne
 31877 | D:14     | Noticed Nessos
 32166 | D:14     | Noticed Louise
 32189 | D:14     | Killed Louise
 32238 | D:14     | Killed Nessos
 32477 | D:14     | Identified a scroll of acquirement
 32666 | D:14     | Killed Roxanne
 32735 | D:15     | Entered Level 15 of the Dungeon
 32892 | D:15     | Noticed Jorgrun
 32896 | D:15     | Acquired the +0 hat of Darkness {-Tele Rampage rF++ Regen+}
 32919 | D:15     | Killed Jorgrun
 33622 | D:15     | Found Yshabriy's General Store.
 33763 | D:15     | Found a staircase to the Depths.
 34166 | Temple   | Found a transporter.
 34166 | Temple   | Found a transporter.
 34166 | Temple   | Found a transporter.
 34166 | Temple   | Found a transporter.
 34166 | Temple   | Entered the Ecumenical Temple
 34354 | Snake:1  | Entered Level 1 of the Snake Pit
 34549 | Snake:1  | Found Obrien's Antique Armour Shop.
 34621 | Snake:1  | Bought a pair of warped gloves for 332 gold pieces
 34621 | Snake:1  | Identified the +0 pair of gloves of the Fuzzy God {Harm
                  | rPois} (You bought it in a shop on level 1 of the Snake
                  | Pit)
 34857 | Snake:1  | Reached XP level 16. HP: 131/141 MP: 37/37
 35257 | Snake:1  | Identified the serpent talisman of Wyenniec {rF- rN+ Dex+7}
 35257 | Snake:1  | Noticed Aizul
 35266 | Snake:1  | Killed Aizul
 35519 | Snake:1  | Found Gazowaj's Book Boutique.
 35520 | Snake:1  | Found Faucu's Jewellery Emporium.
 35522 | Snake:1  | Found Esaro's Book Boutique.
 35532 | Snake:1  | Bought a Trismegistus Codex for 532 gold pieces
 35538 | Snake:1  | Learned a level 5 spell: Freezing Cloud
 35930 | Snake:2  | Reached skill level 10 in Armour
 36643 | Snake:2  | Found Nung's Antique Armour Shop.
 36643 | Snake:2  | Found Emogeo's Antique Armour Boutique.
 36644 | Snake:2  | Found Feozaebb's Distillery.
 36646 | Snake:2  | Found Jousong's General Store.
 36689 | Snake:2  | Bought a pair of embroidered gloves for 187 gold pieces
 37184 | Snake:3  | Found Ufydag Qoext's Distillery.
 37184 | Snake:3  | Identified the +2 robe of Xuhuiv {Fly rElec}
 37187 | Snake:3  | Found Leexzuateo's Magic Scroll Shop.
 37189 | Snake:3  | Found Todehuiw's Antique Armour Boutique.
 37633 | Snake:3  | Learned a level 7 spell: Summon Hydra
 38290 | Snake:3  | Upgraded the game from 0.32-a0-909-gc671339 to
                  | 0.32-a0-921-g04a7ad8
 38381 | Snake:4  | Entered Level 4 of the Snake Pit
 38603 | Snake:4  | Upgraded the game from 0.32-a0-921-g04a7ad8 to
                  | 0.32-a0-931-g5a2cda0
 38714 | Snake:4  | Upgraded the game from 0.32-a0-931-g5a2cda0 to
                  | 0.32-a0-938-g40ac7a0
 38828 | Snake:4  | Reached skill level 10 in Summonings
 39692 | Snake:4  | Reached XP level 17. HP: 143/150 MP: 29/38
 40703 | Snake:4  | Got a serpentine rune of Zot
 41054 | Shoals:1 | Entered Level 1 of the Shoals
 42141 | Elf:1    | Entered Level 1 of the Elven Halls
 42157 | Elf:1    | HP: 1/151 [burnt (13)]
 42158 | Orc:2    | Incinerated by a deep elf pyromancer

Illustrated notes

Levels and vault maps discovered:
D:1:      dpeg_arrival_connections, layout_loops_ring
D:2:      layout_loops_ring, basic_altar, minmay_divided_ellipse, uniq_terence
D:3:      layout_loops_corners, uniq_natasha
D:4:      layout_rooms, uniq_eustachio, uniq_ijyb
D:5:      layout_cave_pools, serial_shops, nicolae_shop_getting_attention,
          gammafunk_ghost_cemetery, minmay_diced_spiral, uniq_pikel
D:6:      layout_basic, nicolae_uskayaw_en_pointe, nicolae_overflow_squiral,
          ebering_dispersal_statue_hall
D:7:      layout_basic, minmay_temple_entry_tees, uniq_menkaure
D:8:      layout_rooms, led_sif_book, nicolae_tso_swordbearing_angel,
          uniq_jeremiah, uniq_psyche
D:9:      layout_grid_maze, ebering_ghost_rock_garden, minmay_alternating_orb
D:10:     layout_grid_maze, david_lair_generic
D:11:     layout_small_grid, david_orc_5, david_greed
D:12:     layout_roguey [special_room_orc]
D:13:     layout_cave_pools, hangedman_vaults_entry_quadrant_bands, uniq_kirke,
          uniq_erolcha
D:14:     layout_loops_ring, roderic_lattice_a, uniq_roxanne, uniq_nessos,
          uniq_louise
D:15:     gammafunk_enter_depths_forms, layout_loops_ring, serial_shops, shop,
          uniq_jorgrun
Temple:   hellmonk_temple_divided_pantheon
Lair:1:   layout_roguey, gammafunk_ghost_split, chequers_serial_rivers_room_a,
          uniq_nergalle, uniq_harold
Lair:2:   layout_roguey, guppyfry_snake_entry_island, cheibrodos_lair_lostbears
Lair:3:   layout_regular_city, mainiacjoe_shoals_entry_four_pools, minivault_23,
          uniq_snorg
Lair:4:   layout_layer_cave, gammafunk_ghost_hive,
          dreamdust_deal_with_the_devil, minivault_27, grunt_megastairs_5
Lair:5:   hangedman_lair_in_review, layout_gridlike, guppyfry_lair_end_dragon,
          slime_entry_1, disabler_island
Shoals:1: layout_shoals
Shoals:2: nicolae_shoals_mermall, layout_shoals, hangedman_shoal_volcano,
          nicolae_shoals_former_cling_halls
Snake:1:  layout_honeycomb, serial_shops, nicolae_shop_window_shopping,
          grunt_ministairs_14, minmay_shop_grove, lemuel_fruit_tree,
          serial_bayou_shore_a, uniq_aizul
Snake:2:  layout_basic, nicolae_snake_springs, minmay_shoptagon
Snake:3:  layout_grid_shapes, grunt_ministairs_15, minmay_shop_star
Snake:4:  minmay_snake_end_coiled, layout_chambers, basic_altar,
          minmay_snake_pond
Orc:1:    nicolae_orc_accident_2, layout_caves
Orc:2:    st_orc_mages, layout_caves
Elf:1:    elf_arrival_002, layout_geoelf_octagon, guppyfry_elf_altar,
          roderic_lattice_octagonal_star, lemuel_upstairs_altar

Skill      XL: |  1  2  3  4  5  6  7  8  9 10 11 12 13 14 15 16 17 |
---------------+----------------------------------------------------+-----
Spellcasting   | 2 3 4 5 6 7 8 9 10 11 12 | 12.7
Ice Magic      | 4 5 6 7 8 10 11 13 14 | 14.3
Fighting       | 1 2 3 4 5 6 7 9 10 11 12 13 | 13.7
Summonings     | 3 4 7 10 11 | 11.1
Dodging        | 3 5 7 9 11 13 | 13.5
Armour         | 3 5 6 8 9 10 11 | 11.2
Conjurations   | 2 4 |  4.0
Earth Magic    | 2 4 |  4.0
Necromancy     | 3 |  3.0
Stealth        | |  1.7

Action                     |  1- 3 |  4- 6 |  7- 9 | 10-12 | 13-15 | 16-18 || total
---------------------------+-------+-------+-------+-------+-------+-------++-------
  Melee: Hand axe          |     3 |       |       |       |       |       ||     3
         Flail             |     4 |    29 |    75 |       |       |       ||   108
         Dagger            |       |       |    15 |    19 |       |       ||    34
         Trident           |       |       |       |   242 |   817 |   450 ||  1509
         Unarmed           |       |       |       |       |       |     2 ||     2
  Throw: Dart              |     1 |     1 |    13 |     2 |     1 |       ||    18
   Cast: Freeze            |    55 |    37 |    54 |    71 |    71 |    34 ||   322
         Frozen Ramparts   |       |    16 |    46 |    92 |   183 |    99 ||   436
         Ozocubu's Armour  |       |     3 |    13 |    23 |    43 |     6 ||    88
         Summon Ice Beast  |       |       |    12 |    50 |   100 |    18 ||   180
         Summon Small Mamm |       |       |       |    35 |    20 |       ||    55
         Stone Arrow       |       |       |       |     1 |   233 |    85 ||   319
         Fugue of the Fall |       |       |       |       |    18 |     6 ||    24
         Summon Mana Viper |       |       |       |       |    23 |    18 ||    41
         Brom's Barrelling |       |       |       |       |     1 |     3 ||     4
         Freezing Cloud    |       |       |       |       |       |    26 ||    26
         Summon Hydra      |       |       |       |       |       |    24 ||    24
  Evoke: Wand              |       |       |     3 |     2 |       |     2 ||     7
    Use: Scroll            |       |       |     6 |    13 |    10 |     4 ||    33
         Potion            |       |       |     2 |     2 |     3 |     8 ||    15
   Stab: Sleeping          |       |     1 |       |       |     6 |     6 ||    13
         Distracted        |       |       |       |     2 |     2 |     3 ||     7
         Confused          |       |       |       |       |       |     1 ||     1
 Armour: Robe              |    26 |    43 |    74 |       |       |       ||   143
         Leather armour    |       |       |    33 |    38 |       |       ||    71
         Scale mail        |       |       |       |    50 |       |       ||    50
         Ring mail         |       |       |       |   295 |   664 |       ||   959
         Troll leather arm |       |       |       |       |   427 |   800 ||  1227
  Dodge: Dodged            |    34 |    51 |    66 |   212 |   787 |   458 ||  1608

Table legend: (Time is in decaauts)
 A = Elapsed time spent in this place.
 B = Non-inter-level travel time spent in this place.
 C = Inter-level travel time spent in this place.
 D = Time resting spent in this place.
 E = Time spent auto-exploring this place.
 F = Levels seen in this place.
 G = Mean time per level.
                   A        B        C        D        E       F      G
               +--------+--------+--------+--------+--------+-----+--------+
         Total |  42954 |  39128 |   3826 |   3049 |  27069 |  30 | 1431.8 |
       Dungeon |  20137 |  18103 |   2034 |   1113 |  13395 |  15 | 1342.5 |
        Temple |      1 |      1 |      0 |      0 |      0 |   1 |    1.0 |
          Lair |  11917 |  10656 |   1261 |    624 |   7797 |   5 | 2383.4 |
        Shoals |   1037 |   1014 |     23 |     98 |    688 |   2 |  518.5 |
     Snake Pit |   6545 |   6198 |    347 |    632 |   3609 |   4 | 1636.2 |
  Orcish Mines |   3296 |   3138 |    158 |    582 |   1578 |   2 | 1648.0 |
   Elven Halls |     19 |     19 |      0 |      0 |      0 |   1 |   19.0 |
               +--------+--------+--------+--------+--------+-----+--------+

Top non-repeatable levels by time:
  Lair:5: 3396 daAuts
 Snake:4: 2483 daAuts
  Lair:4: 2292 daAuts
  Lair:3: 2275 daAuts
  Lair:2: 2114 daAuts
    D:10: 2054 daAuts
   Orc:2: 1853 daAuts
  Lair:1: 1838 daAuts
     D:9: 1742 daAuts
     D:7: 1588 daAuts
    D:13: 1563 daAuts
     D:6: 1503 daAuts
 Snake:1: 1489 daAuts
   Orc:1: 1442 daAuts
    D:14: 1356 daAuts
